 Dungeon Crawl Stone Soup version 0.21.0-24-g2553a33 (webtiles) character file.

37 Honu the Cudgeler (level 3, -3/36 HPs)
             Began as a Troll Berserker on Jan 19, 2018.
             Was a Believer of Trog.
             Slain by an orc priest (5 damage)
             ... on level 3 of the Dungeon.
             The game lasted 00:07:26 (412 turns).

Honu the Cudgeler (Troll Berserker)                  Turns: 412, Time: 00:07:27

Health: -3/36      AC:  5    Str: 26    XL:     3   Next: 23%
Magic:  2/2        EV: 10    Int:  3    God:    Trog [**....]
Gold:   11         SH:  0    Dex:  9    Spells: 2/2 levels left

rFire    . . .     SeeInvis .   a - +0 mace
rCold    . . .     Gourm    +   (no shield)
rNeg     . . .     Faith    .   b - +0 animal skin
rPois    .         Spirit   .   (helmet restricted)
rElec    .         Reflect  .   (no cloak)
rCorr    .         Harm     .   (gloves unavailable)
MR       .....                  (boots unavailable)
Stlth    +.........             (no amulet)
HPRegen  0.52/turn              (no ring)
MPRegen  0.08/turn              (no ring)

@: berserk cooldown, slowed, very slow
A: large, unfitting armour, claws 3, fast metabolism 3, gourmand, regeneration
1, shaggy fur 1, tough skin 2
a: Berserk, Trog's Hand, Burn Spellbooks, Renounce Religion


You were on level 3 of the Dungeon.
You worshipped Trog.
Trog was pleased with you.
You were not hungry.

You visited 1 branch of the dungeon, and saw 3 of its levels.

You collected 11 gold pieces.

Inventory:

Hand Weapons
 a - a +0 mace (weapon)
 e - a +0 mace
 g - a +0 club
 i - a +0 club
 l - a +0 whip
 n - a +0 whip
 s - a +0 whip
 t - a +0 spear
Missiles
 m - 77 stones (quivered)
 o - 5 javelins
 q - 13 arrows
Armour
 b - a +0 animal skin (worn)
 h - a +0 ring mail
Scrolls
 f - a scroll of identify {unknown}
 j - a scroll of immolation {unknown}
 p - a scroll of noise {unknown}
Potions
 d - 2 potions of flight {unknown}
 k - a potion of haste {unknown}
 r - a potion of curing {unknown}
Comestibles
 c - 2 rations


   Skills:
 + Level 2.6 Fighting
 + Level 3.2 Maces & Flails
 + Level 3.0 Dodging


You had 2 spell levels left.
You didn't know any spells.

Dungeon Overview and Level Annotations

Branches:
Dungeon (3/15)

Altars:

Annotations:
D:1 1 runed door


Innate Abilities, Weirdness & Mutations

You are too large for most types of armour.
You have claws for hands.
Your metabolism is lightning-fast.
You like to eat raw meat.
Your natural rate of healing is unusually fast.
You are covered in fur. (AC +1)
You have very tough skin. (AC +2)


Message History

Your Dodging skill increases to level 3!
You closely miss the orc. The orc misses you.
You hit the orc.
The orc is moderately wounded.
The orc hits you with a hand axe.
* * * LOW HITPOINT WARNING * * *
You sock the orc!
You kill the orc!
Trog accepts your kill.
The orc priest casts a cantrip, but nothing happens.
You are no longer berserk.
You are exhausted.
You feel yourself slow down. The orc priest barely misses you.
Items here: ))) [[ a hand axe; a leather armour; an enchanted hand axe; a flail; a leather armour You barely miss the orc priest.
The orc priest hits you.
* * * LOW HITPOINT WARNING * * *
The orc priest hits you but does no damage.
You closely miss the orc priest. The orc priest hits you.
You die...

.. .# ..#
...# #...
...# #..#
...# #...
...#
#..####..#
#.......#
###..o#
##...#@#
#..###.#
#..##
#.†....#
#..#
#......#
#..#
#......#
#..#
#......#
#..
#......#
...
#......#
#.
#......#


You could see an orc priest.

Vanquished Creatures
  An adder (D:3)
  2 leopard geckos
  4 orcs (D:3)
  A ball python (D:2)
  4 bats
  3 hobgoblins (D:1)
  2 kobolds
  A quokka (D:2)
  A frilled lizard (D:1)
  A goblin (D:2)
  2 rats
22 creatures vanquished.

Notes
Turn   | Place    | Note
-------+----------+-------------------------------------------
     0 | D:1      | Honu the Troll Berserker began the quest for the Orb.
     0 | D:1      | Reached XP level 1. HP: 22/22 MP: 0/0
     1 | D:1      | Found a runed door.
   105 | D:1      | Reached XP level 2. HP: 29/29 MP: 1/1
   399 | D:3      | Reached XP level 3. HP: 17/36 MP: 2/2
   406 | D:3      | Reached ** piety under Trog
   411 | D:3      | HP: 1/36 [orc priest (6)]
   412 | D:3      | Slain by an orc priest

Skill      XL: |  1  2  3 |
---------------+----------+-----
Maces & Flails | 3 |  3.2
Dodging        | 3 |  3.0
Fighting       | |  2.6

Action                   || total
-------------------------++-------
Melee: Mace              ||    56
Invok: Berserk           ||     3
  Eat: Chunk             ||     7
Armor: Animal skin       ||    17
Dodge: Dodged            ||    34
